 Dungeon Crawl Stone Soup version 0.25.0-9-g26727b657a (webtiles) character file.

Game seed: 6214732423150602831

295936 Infinimo the Minotaur Blade (level 20, -8/189 HPs)
             Began as a Minotaur Fighter on June 19, 2020.
             Was the Champion of Okawaru.
             Mangled by an ettin
             ... wielding a +0 dire flail
              (22 damage)
             ... while paralysed by a floating eye
             ... on level 2 of the Depths.
             The game lasted 01:44:07 (50067 turns).

Infinimo the Minotaur Blade (Minotaur Fighter)     Turns: 50067, Time: 01:44:07

Health: -8/189     AC: 30    Str: 30    XL:     20   Next: 7%
Magic:  28/28      EV:  2    Int:  5    God:    Okawaru [******]
Gold:   1636       SH:  0    Dex: 18    Spells: 17/19 levels left

rFire    + . .     SeeInvis +   p - +3 scimitar (elec)
rCold    + + .     Gourm    .   b - +7 tower shield "Ruyfi" {Regen+}
rNeg     . . .     Faith    +   h - +3 plate armour
rPois    .         Spirit   .   D - +2 hat {SInv}
rElec    +         Reflect  .   B - +2 cloak {MR+}
rCorr    .         Harm     .   c - +0 pair of gloves of the Eternal Fruit {rElec rC++ MR- Dex+4} (curse)
MR       ++...                  M - +0 pair of boots "Hamarr" {MP+9}
Stlth    ..........             O - amulet of faith
HPRegen  0.81/turn              S - ring of protection from fire
MPRegen  0.21/turn              Q - ring of Amelioration {rElec MR+ Dex+4 Slay+5 Stlth-}

@: paralysed, flayed
A: retaliatory headbutt, horns 2
}: 2/15 runes: barnacled, gossamer
a: Heroism, Finesse, Renounce Religion


You were on level 2 of the Depths.
You worshipped Okawaru.
Okawaru was exalted by your worship.
You were not hungry.

You visited 7 branches of the dungeon, and saw 34 of its levels.

You collected 3385 gold pieces.
You spent 1749 gold pieces at shops.

Inventory:

Hand Weapons
 a - the +12 Vampire's Tooth {vamp}
   (You found it on level 1 of the Depths)

   It inflicts no extra harm, but heals its wielder when it wounds a living foe.
 p - a +3 scimitar of electrocution (weapon)
 I - a +2 double sword of distortion
Armour
 b - the +7 tower shield "Ruyfi" (worn) {Regen+}
   (Okawaru gifted it to you on level 1 of the Shoals)

   It increases your rate of regeneration.
 c - the cursed +0 pair of gloves of the Eternal Fruit (worn) {rElec rC++ MR- Dex+4}
   (You bought it in a shop on level 2 of the Shoals)

   It affects your dexterity (+4).
   It greatly protects you from cold.
   It insulates you from electricity.
   It affects your resistance to hostile enchantments.
   It has a curse placed upon it.
 h - a +3 plate armour (worn)
 B - a +2 cloak of magic resistance (worn)
 D - a +2 hat of see invisible (worn)
 M - the +0 pair of boots "Hamarr" (worn) {MP+9}
   (You found it on level 14 of the Dungeon)

   It affects your magic capacity (+9).
Jewellery
 k - an uncursed ring of flight
 w - an uncursed ring of resist corrosion
 O - an amulet of faith (around neck)
 Q - the ring of Amelioration (right hand) {rElec MR+ Dex+4 Slay+5 Stlth-}
   (You found it on level 15 of the Dungeon)

   [ring of protection from magic]

   It affects your dexterity (+4).
   It affects your accuracy and damage with ranged weapons and melee attacks
   (+5).
   It insulates you from electricity.
   It affects your resistance to hostile enchantments.
   It makes you less stealthy.
 S - a ring of protection from fire (left hand)
Wands
 j - a wand of digging (13)
 u - a wand of random effects (30)
 y - a wand of paralysis (2)
 K - a wand of enslavement (7)
 L - a wand of iceblast (10)
 N - a wand of clouds (1)
 W - a wand of acid (9)
Scrolls
 e - 8 scrolls of teleportation
 l - 12 scrolls of remove curse
 n - 16 scrolls of identify
 o - 7 scrolls of fear
 z - 7 scrolls of enchant armour
 E - a scroll of blinking
 F - 5 scrolls of magic mapping
 H - 2 scrolls of enchant weapon
 P - 2 scrolls of silence
Potions
 d - 6 potions of might
 g - 8 potions of curing
 i - 3 potions of stabbing
 m - a potion of lignification
 q - 2 potions of invisibility
 r - a potion of ambrosia
 s - 2 potions of magic
 v - 2 potions of haste
 x - 7 potions of brilliance
 A - 6 potions of mutation
 C - a potion of berserk rage
 G - a potion of heal wounds
 J - 5 potions of flight
 U - 2 potions of resistance
Comestibles
 f - 43 rations
 t - 2 chunks of flesh


   Skills:
 + Level 18.4 Fighting
 * Level 25.4 Long Blades
 + Level 18.6 Armour
 - Level 6.2 Dodging
 - Level 1.4 Stealth
 + Level 18.6 Shields
 - Level 0.7 Evocations


You had 17 spell levels left.
You knew the following spells:

 Your Spells              Type           Power        Failure   Level  Hunger
a - Swiftness             Chrm/Air       #.......     100%        2    ###....

Your spell library contained the following spells:

 Spells                   Type           Power        Failure   Level  Hunger
 Animate Skeleton         Necr           N/A          99%         1    ##.....
 Apportation              Tloc           #.....       99%         1    ##.....
 Corona                   Hex            #......      99%         1    ##.....
 Freeze                   Ice            #...         99%         1    ##.....
 Magic Dart               Conj           #...         99%         1    ##.....
 Sandblast                Erth           #.....       99%         1    ##.....
 Shock                    Conj/Air       #...         99%         1    ##.....
 Sting                    Tmut/Pois      #...         99%         1    ##.....
 Summon Butterflies       Summ           #.......     99%         1    ##.....
 Summon Small Mammal      Summ           #...         99%         1    ##.....
 Call Imp                 Summ           #.......     100%        2    ###....
 Ensorcelled Hibernation  Hex/Ice        #.....       100%        2    ###....
 Passwall                 Tmut/Erth      #.......     100%        2    ###....
 Poisonous Vapours        Pois/Air       #.....       100%        2    ###....
 Searing Ray              Conj           #.....       100%        2    ###....
 Slow                     Hex            #.......     100%        2    ###....
 Call Canine Familiar     Summ           #.......     100%        3    ####...
 Confusing Touch          Hex            #.......     100%        3    ####...
 Dazzling Flash           Conj/Hex       #.....       100%        3    ####...
 Frozen Ramparts          Ice            #.....       100%        3    ####...
 Gell's Gravitas          Tloc           #.........   100%        3    ####...
 Ignite Poison            Fire/Tmut/Pois #.......     100%        3    ####...
 Inner Flame              Hex/Fire       #.......     100%        3    ####...
 Lesser Beckoning         Tloc           #.........   100%        3    ####...
 Mephitic Cloud           Conj/Pois/Air  #.......     100%        3    ####...
 Ozocubu's Armour         Chrm/Ice       #.......     100%        3    ####...
 Portal Projectile        Hex/Tloc       #.....       100%        3    ####...
 Static Discharge         Conj/Air       #.......     100%        3    ####...
 Stone Arrow              Conj/Erth      #.....       100%        3    ####...
 Summon Guardian Golem    Hex/Summ       #.......     100%        3    ####...
 Tukima's Dance           Hex            #.......     100%        3    ####...
 Airstrike                Air            #.........   100%        4    #####..
 Cause Fear               Hex            #.........   100%        4    #####..
 Fulminant Prism          Conj/Hex       #.........   100%        4    #####..
 Hailstorm                Conj/Ice       #.......     100%        4    #####..
 Iskenderun's Mystic Bla  Conj/Tloc      #.......     100%        4    #####..
 Leda's Liquefaction      Hex/Erth       #.........   100%        4    #####..
 Olgreb's Toxic Radiance  Pois           #.......     100%        4    #####..
 Petrify                  Tmut/Erth      #.......     100%        4    #####..
 Summon Ice Beast         Ice/Summ       #.......     100%        4    #####..
 Summon Lightning Spire   Summ/Air       #.......     100%        4    #####..
 Alistair's Intoxication  Tmut/Pois      #.......     100%        5    ######.
 Lee's Rapid Deconstruct  Erth           #.........   100%        5    ######.
 Lightning Bolt           Conj/Air       #.........   100%        5    ######.
 Metabolic Englaciation   Hex/Ice        #.........   100%        5    ######.
 Summon Mana Viper        Hex/Summ       #.......     100%        5    ######.
 Yara's Violent Unravell  Hex/Tmut       #.........   100%        5    ######.
 Invisibility             Hex            #.......     100%        6    #######
 Malign Gateway           Summ/Tloc      #.........   100%        7    #######
 Monstrous Menagerie      Summ           #.........   100%        7    #######
 Summon Greater Demon     Summ           #.........   100%        7    #######
 Summon Horrible Things   Summ           #.........   100%        8    #######


Dungeon Overview and Level Annotations

Branches:
Dungeon (15/15)            Temple (1/1) D:5            Lair (6/6) D:11
 Shoals (4/4) Lair:2       Spider (4/4) Lair:4        Slime (0/5) Lair:5
    Orc (2/2) D:9             Elf (0/3) Orc:2        Vaults (0/5) D:14
 Depths (2/5) D:15

Altars:
Ashenzari
Cheibriados
Dithmenos
Elyvilon
Fedhas
Gozag
Hepliaklqana
Kikubaaqudgha
Makhleb
Nemelex Xobeh
Okawaru
Qazlal
Ru
Sif Muna
Trog
Uskayaw
Vehumet
Wu Jian
Xom
Yredelemnul
Zin
The Shining One
Beogh

Shops:
D:14 (   Orc:2 ([*(   Shoals:2 ([:(:   Shoals:3 %   Depths:1 *

Portals:
Hell: Depths:1 Depths:2
Pandemonium: Depths:1
Ziggurat: Depths:2

Annotations:
Shoals:2 2 runed translucent doors, Eddaez Biosh's ghost, journeyman HOFi
Depths:2 1 runed translucent door, triki's ghost, adept CeAM


Innate Abilities, Weirdness & Mutations

You reflexively headbutt those who attack you in melee.
You have a pair of horns on your head.


Message History

The floating eye seems to glare at you.
You hit the flayed ghost. You headbutt the flayed ghost.
The flayed ghost is severely damaged.
You block the ettin's attack.
The ettin hits you with a +0 dire flail!!
* * * LOW HITPOINT WARNING * * *
You block the flayed ghost's attack.
The floating eye gazes piercingly through you!
You suddenly lose the ability to move!
The ettin barely misses you. The ettin hits you but does no damage.
The flayed ghost hits you!
* * * LOW HITPOINT WARNING * * *
The ettin hits you with a +0 dire flail!
* * * LOW HITPOINT WARNING * * *
The ettin hits you with a +0 dire flail!!
* * * LOW HITPOINT WARNING * * *
The flayed ghost hits you but does no damage.
The flayed ghost cries, "Suffer as I suffered!"
The ettin hits you with a +0 dire flail!!
You die...

...(.'.[......#....?#.........<÷.
....÷(....≈.).#..#%.#......(#..÷(
#.###)..#.?8..#...###.......#....
..#.)#..#.).≈....'.....#......##.
..#)....#........'....##.....##..
..##....####.................#...
#.'.................#...###......
#.?...........#)....#.## #.##...
..##......#.''##@#...## ####...
..#.......[#....CW..#.#######....
..#.%#..#..#.....................
..####..####..#.G....##.######...
... ..'....###..#...# #... ..
..'....##......#.# #... ..
..####.W.....T.# . #...
#.........# ###. #....C..*.# #.


You could see an ettin, a flayed ghost and a floating eye.

Vanquished Creatures
  A juggernaut (Depths:1)
  Saint Roka (Orc:2)
  A caustic shrike (Depths:2)
  Nikola (Spider:1)
  Arachne (Spider:4)
  The ghost of McIrco the Hoplite, an adept MiFi of Gozag (Depths:1)
  Jorgrun (D:13)
  A tentacled monstrosity (Depths:2)
  A kraken (Shoals:4)
  A sphinx (Depths:1)
  A storm dragon (Depths:1)
  Kirke (Spider:4)
  2 tengu reavers
  Ilsuiw (Shoals:1)
  3 fire giants
  An orc warlord (Orc:1)
  Aizul (Spider:4)
  2 frost giants
  3 emperor scorpions (Spider:4)
  A balrug (D:15)
  The ghost of MackTheFife the Severer, a journeyman OgFi of Okawaru (D:12)
  A spectral caustic shrike (Depths:1)
  5 ghost moths (Spider:4)
  An ironheart preserver (D:14)
  10 stone giants
  7 vampire knights
  4 entropy weavers
  The ghost of Delamore the Bludgeoner, a journeyman GrFi of Okawaru (Lair:6)
  7 spark wasps
  A spectral titan (Depths:1)
  A minotaur (D:12)
  4 ettins
  8 merfolk javelineers
  10 merfolk impalers
  An ogre mage (Depths:1)
  Josephine (Orc:1)
  4 fire dragons
  Harold (Orc:1)
  A spectral shadow dragon (Depths:1)
  A juggernaut simulacrum (Depths:1)
  A great orb of eyes (Depths:2)
  A catoblepas (D:15)
  9 hydras
  5 centaur warriors
  3 ice dragons
  8 merfolk aquamancers
  8 two-headed ogres
  A queen ant (Spider:1)
  2 merfolk avatars
  9 death yaks
  A satyr (Shoals:4)
  6 deep troll shamans
  2 vampire magi (Depths:1)
  4 deep troll earth magi
  A spriggan berserker (Depths:1)
  3 orc high priests
  2 spectral spriggans (Depths:1)
  2 skeletal warriors (D:15)
  2 spectral elves (Depths:1)
  11 iron trolls
  3 unseen horrors
  6 deep trolls (D:15)
  A glowing orange brain (Depths:1)
  An unseen horror (shapeshifter) (Depths:1)
  A sixfirhy (D:11)
  2 flayed ghosts
  11 sea snakes
  A kraken simulacrum (Shoals:4)
  Pikel (Temple)
  5 harpies (Shoals:3)
  A necromancer (D:15)
  An orange crystal statue (D:13)
  4 orc knights
  21 orb spiders
  A lindwurm (Lair:6)
  26 ugly things
  30 wolf spiders
  7 fauns
  3 cyclopes
  2 oklob plants (Shoals:4)
  6 orc sorcerers
  15 manticores
  14 merfolk sirens
  2 moths of wrath
  7 water nymphs
  Maurice (D:8)
  7 torpor snails
  2 ice statues
  4 centaur skeletons
  A fire giant skeleton (D:15)
  4 centaur zombies
  2 molten gargoyles (Lair:6)
  2 gargoyles (D:15)
  5 rime drakes
  8 black mambas
  14 komodo dragons
  8 spiny frogs
  16 demonic crawlers
  4 yaktaurs (Depths:2)
  A red devil (Depths:1)
  A jumping spider (shapeshifter) (Depths:1)
  10 wind drakes
  18 trolls
  37 merfolk
  A hornet (shapeshifter) (Depths:1)
  37 jumping spiders
  3 meliai
  A polar bear (Lair:2)
  8 hornets
  22 slime creatures
  A wolf spider simulacrum (D:15)
  A fire dragon zombie (D:15)
  15 blink frogs
  A hippogriff (shapeshifter) (Depths:1)
  12 dream sheep
  8 snapping turtles
  5 hippogriffs
  An ice dragon skeleton (D:15)
  2 shadows
  17 tarantellas
  72 redbacks
  5 hogs
  23 water elementals
  9 wyverns
  51 yaks
  10 wraiths
  4 basilisks
  3 vampire mosquitoes
  4 hungry ghosts
  3 steam dragons (Lair:6)
  2 elf simulacra (Depths:1)
  26 soldier ants
  10 water moccasins
  5 wargs
  2 acid dragons
  A human skeleton (D:15)
  4 hell hounds (Lair:6)
  5 porcupines
  48 orc warriors
  3 ice beasts
  2 black bears
  2 sky beasts
  2 necrophages
  15 ogres
  3 phantoms
  4 boggarts (Depths:1)
  24 centaurs
  8 crocodiles
  2 big kobolds
  9 bullfrogs
  Blork the orc (D:4)
  A wyvern zombie (D:9)
  A glowing shapeshifter simulacrum (Depths:1)
  A water moccasin zombie (D:6)
  2 scorpions
  A wyvern skeleton (D:10)
  A water moccasin skeleton (D:7)
  3 killer bees (D:8)
  10 wights
  6 electric eels
  10 howler monkeys
  5 lava snakes (Lair:6)
  15 crimson imps
  A bullfrog zombie (D:10)
  2 jellies
  30 orc priests
  8 hounds
  30 orc wizards
  An iron imp (Depths:1)
  Jessica (D:3)
  2 iguanas
  Ijyb (D:4)
  27 worker ants
  2 killer bee zombies (D:8)
  A howler monkey zombie (D:5)
  8 gnolls
  A howler monkey skeleton (D:4)
  8 adders
  3 shadow imps
  An ooze (D:6)
  An adder skeleton (D:8)
  An adder zombie (D:5)
  5 worms
  4 dart slugs
  6 leopard geckos
  117 orcs
  4 giant cockroaches
  11 goblins
  6 hobgoblins
  4 jackals (D:9)
  13 kobolds
  5 quokkas
  A ball python skeleton (D:6)
  5 bats
  4 frilled lizards
  A leopard gecko skeleton (D:8)
  A quokka skeleton (D:5)
  9 rats
  3 plants
  3 tentacles (Shoals:4)
1378 creatures vanquished.

Vanquished Creatures (others)
  A merfolk impaler (Shoals:4)
  A wolf spider (Spider:4)
  2 merfolk (Shoals:4)
  2 tarantellas (Spider:1)
  A redback (Spider:1)
  A water elemental (Shoals:4)
  A human (Spider:4)
  A slave (D:5)
  A hound (D:5)
  A worker ant (D:5)
  A shadow imp (D:5)
  A leopard gecko (D:5)
  3 orcs
  A frilled lizard (D:5)
  A spectral orc (D:5)
  12 fungi
  41 plants
  16 tentacles (Shoals:4)
  A withered plant (D:15)
89 creatures vanquished.

Grand Total: 1467 creatures vanquished

Notes
Turn   | Place    | Note
-------+----------+-------------------------------------------
     0 | D:1      | Infinimo the Minotaur Fighter began the quest for the Orb.
     0 | D:1      | Reached XP level 1. HP: 19/19 MP: 0/0
   284 | D:1      | Reached XP level 2. HP: 24/27 MP: 1/1
   585 | D:1      | Reached skill level 3 in Long Blades
   585 | D:1      | Reached XP level 3. HP: 30/33 MP: 2/2
  1246 | D:2      | Found a shattered altar of Ashenzari.
  1246 | D:2      | Found a glowing silver altar of Zin.
  1725 | D:3      | Reached XP level 4. HP: 36/40 MP: 3/3
  1779 | D:3      | You fall into a shaft and drop 2 floors!
  1779 | D:5      | Entered Level 5 of the Dungeon
  1810 | D:5      | Reached skill level 4 in Long Blades
  1997 | D:5      | Reached skill level 5 in Long Blades
  1997 | D:5      | Reached XP level 5. HP: 42/46 MP: 4/4
  2103 | D:5      | Noticed Pikel
  2103 | D:5      | Noticed a slave
  2103 | D:5      | Noticed a slave
  2104 | D:5      | Noticed a slave
  2106 | D:5      | Found a staircase to the Ecumenical Temple.
  2110 | Temple   | Entered the Ecumenical Temple
  2481 | Temple   | Killed Pikel
  2481 | Temple   | Reached skill level 7 in Long Blades
  2481 | Temple   | Reached skill level 5 in Armour
  2481 | Temple   | Reached skill level 1 in Dodging
  2481 | Temple   | Reached skill level 5 in Shields
  2481 | Temple   | Reached XP level 6. HP: 23/53 MP: 5/5
  2481 | Temple   | Reached XP level 7. HP: 26/60 MP: 6/6
  3066 | D:5      | Reached skill level 8 in Long Blades
  3088 | D:5      | HP: 1/60 [orc wizard/magic dart (9)]
  3545 | D:5      | Reached XP level 8. HP: 65/67 MP: 7/7
  3841 | D:5      | Found a basalt altar of Yredelemnul.
  4163 | D:6      | Reached skill level 9 in Long Blades
  4372 | D:4      | Noticed Ijyb
  4399 | D:4      | Killed Ijyb
  4658 | D:3      | Noticed Jessica
  4660 | D:3      | Killed Jessica
  4870 | D:3      | Found a bloodstained altar of Trog.
  4870 | D:3      | Found an iron altar of Okawaru.
  4871 | D:3      | Found a shadowy altar of Dithmenos.
  5149 | D:3      | Became a worshipper of Warmaster Okawaru
  5198 | D:4      | Reached skill level 5 in Fighting
  5584 | D:4      | Reached skill level 10 in Long Blades
  5682 | D:4      | Noticed Blork the orc
  5696 | D:4      | Killed Blork the orc
  5816 | D:4      | Found a sparkling altar of Nemelex Xobeh.
  6281 | D:6      | Reached XP level 9. HP: 74/74 MP: 8/8
  6417 | D:6      | Reached * piety under Okawaru
  6938 | D:7      | Reached skill level 11 in Long Blades
  7146 | D:7      | Reached ** piety under Okawaru
  8216 | D:8      | Reached skill level 12 in Long Blades
  8285 | D:8      | Noticed Maurice
  8288 | D:8      | Paralysed by Maurice for 3 turns
  8296 | D:8      | Killed Maurice
  8296 | D:8      | Reached *** piety under Okawaru
  8508 | D:8      | Reached XP level 10. HP: 62/84 MP: 9/9
  8694 | D:8      | Reached skill level 1 in Stealth
  9180 | D:9      | Found a staircase to the Orcish Mines.
  9337 | D:9      | Noticed a two-headed ogre
  9346 | D:9      | Killed a two-headed ogre
  9346 | D:9      | Reached **** piety under Okawaru
  9346 | D:9      | Reached skill level 13 in Long Blades
  9610 | D:9      | Found a white marble altar of Elyvilon.
  9657 | D:9      | Found a shimmering altar of Xom.
  9753 | D:10     | Entered Level 10 of the Dungeon
  9835 | D:10     | Noticed a two-headed ogre
  9840 | D:10     | Killed a two-headed ogre
  9840 | D:10     | Reached ***** piety under Okawaru
 10108 | D:10     | Reached skill level 14 in Long Blades
 10263 | D:10     | Reached XP level 11. HP: 88/94 MP: 10/10
 10332 | D:10     | Found a burning altar of Makhleb.
 10944 | D:11     | Received a gift from Okawaru
 10947 | D:11     | Got an ichor-stained great sword {god gift}
 11084 | D:11     | You fall into a shaft and drop 1 floor!
 11193 | D:12     | Noticed a two-headed ogre
 11202 | D:12     | Killed a two-headed ogre
 11533 | D:11     | Found a runed translucent door.
 11533 | D:11     | Noticed a white ugly thing
 11533 | D:11     | Noticed a sixfirhy
 11542 | D:11     | Killed a white ugly thing
 11600 | D:11     | Reached skill level 15 in Long Blades
 11836 | D:11     | Found a staircase to the Lair.
 11999 | D:11     | Reached skill level 10 in Armour
 12070 | D:11     | Reached skill level 5 in Dodging
 12467 | D:11     | Killed a sixfirhy
 12525 | D:12     | Reached ****** piety under Okawaru
 12557 | D:12     | Reached skill level 10 in Shields
 12685 | D:12     | Received a gift from Okawaru
 12818 | D:12     | Noticed a minotaur
 12818 | D:12     | Noticed a six-headed hydra
 12818 | D:12     | Noticed MackTheFife's ghost (journeyman OgFi)
 12818 | D:12     | Noticed a two-headed ogre
 12861 | D:12     | Found a runed translucent gate.
 12861 | D:12     | Found a runed translucent gate.
 12861 | D:12     | Found a runed translucent gate.
 13376 | D:13     | Noticed Jorgrun
 13437 | Lair:1   | Entered Level 1 of the Lair of Beasts
 13639 | Lair:1   | Reached XP level 12. HP: 95/105 MP: 11/11
 14755 | Lair:2   | Noticed a four-headed hydra
 14762 | Lair:2   | Killed a four-headed hydra
 14762 | Lair:2   | Received a gift from Okawaru
 14803 | Lair:2   | Noticed a four-headed hydra
 14810 | Lair:2   | Killed a four-headed hydra
 14885 | Lair:2   | Reached skill level 10 in Fighting
 15206 | Lair:2   | Found a staircase to the Shoals.
 15448 | Lair:2   | Reached skill level 16 in Long Blades
 16061 | Lair:3   | Noticed a five-headed hydra
 16069 | Lair:3   | Killed a five-headed hydra
 16411 | Lair:3   | You fall into a shaft and drop 3 floors!
 16411 | Lair:6   | Entered Level 6 of the Lair of Beasts
 16630 | Lair:6   | Found a runed translucent door.
 16630 | Lair:6   | Noticed Delamore's ghost (journeyman GrFi)
 16647 | Lair:6   | Noticed a death yak
 16647 | Lair:6   | Noticed a death yak
 16649 | Lair:6   | Noticed a death yak
 16650 | Lair:6   | Noticed a death yak
 16652 | Lair:6   | Noticed a death yak
 16785 | Lair:6   | Noticed a death yak
 16785 | Lair:6   | Noticed a death yak
 16786 | Lair:6   | Noticed a death yak
 16786 | Lair:6   | Noticed a death yak
 16940 | Lair:5   | Reached XP level 13. HP: 59/115 MP: 12/12
 17316 | Lair:5   | Reached skill level 17 in Long Blades
 17848 | Lair:5   | Found a staircase to the Slime Pits.
 17952 | Lair:5   | Received a gift from Okawaru
 20390 | Lair:6   | Reached skill level 18 in Long Blades
 20665 | Lair:6   | Received a gift from Okawaru
 20945 | Lair:6   | Found a large runed translucent door.
 20946 | Lair:6   | Found a large runed translucent door.
 20948 | Lair:6   | Noticed a fire dragon
 20982 | Lair:6   | Killed a fire dragon
 21188 | Lair:6   | Found a snail-covered altar of Cheibriados.
 21409 | Lair:6   | Reached XP level 14. HP: 101/126 MP: 13/13
 22724 | Lair:6   | Killed Delamore's ghost
 23370 | Lair:4   | Received a gift from Okawaru
 23469 | Lair:4   | Found a hole to the Spider Nest.
 24316 | Lair:3   | You fall into a shaft and drop 1 floor!
 24845 | Orc:1    | Entered Level 1 of the Orcish Mines
 24987 | Orc:1    | Noticed Harold
 25003 | Orc:1    | Killed Harold
 25126 | Orc:1    | Noticed Josephine
 25134 | Orc:1    | Killed Josephine
 25303 | Orc:1    | Noticed a stone giant
 25312 | Orc:1    | Killed a stone giant
 25312 | Orc:1    | Reached skill level 19 in Long Blades
 26353 | Orc:2    | Entered Level 2 of the Orcish Mines
 26353 | Orc:2    | Found a staircase to the Elven Halls.
 26499 | Orc:2    | Received a gift from Okawaru
 26550 | Orc:2    | Noticed Saint Roka
 26566 | Orc:2    | Killed Saint Roka
 26710 | Orc:2    | Found a roughly hewn altar of Beogh.
 26811 | Orc:2    | Found a roughly hewn altar of Beogh.
 27400 | Orc:2    | Found a roughly hewn altar of Beogh.
 27505 | Orc:2    | Found a roughly hewn altar of Beogh.
 27509 | Orc:2    | Found Buor's Assorted Antiques.
 27539 | Orc:2    | Bought a potion of heal wounds for 155 gold pieces
 27539 | Orc:2    | Bought a potion of might for 124 gold pieces
 27539 | Orc:2    | Bought a scroll of teleportation for 93 gold pieces
 27624 | Orc:2    | Received a gift from Okawaru
 28105 | Orc:2    | Reached XP level 15. HP: 134/136 MP: 14/14
 28156 | Orc:2    | Got an iridescent scimitar {god gift}
 28157 | Orc:2    | Identified the +5 scimitar "Wakocop" {pain, rPois Int+7}
                  | (Okawaru gifted it to you on level 2 of the Orcish Mines)
 28188 | Orc:2    | Noticed an orc warlord
 28296 | Orc:1    | Killed an orc warlord
 28441 | Orc:2    | Found a roughly hewn altar of Beogh.
 28441 | Orc:2    | Found Ubokhoblef's Antique Weapon Emporium.
 28445 | Orc:2    | Found Riliatec's Antique Armour Shoppe.
 28496 | Orc:2    | Found a roughly hewn altar of Beogh.
 28581 | Orc:2    | Found Cefin's Antique Weapon Shoppe.
 28615 | Orc:2    | Found a roughly hewn altar of Beogh.
 28857 | D:12     | Killed MackTheFife's ghost
 29079 | D:13     | Identified the Guide on Feathery Execration
 29201 | D:13     | Killed Jorgrun
 29201 | D:13     | Reached skill level 20 in Long Blades
 30304 | D:13     | Got a glittering glass ring
 30315 | D:13     | Identified the ring of Sloth {*Tele rF+ Dex-2 Stlth+} (You
                  | found it on level 13 of the Dungeon)
 30537 | D:14     | Found Kixtech's Weapon Emporium.
 30557 | D:14     | Received a gift from Okawaru
 30578 | D:14     | Got a twisted cloak {god gift}
 30589 | D:14     | Identified the +0 cloak "Atanillar" {rN+ Int-3 Dex+3}
                  | (Okawaru gifted it to you on level 14 of the Dungeon)
 30802 | D:14     | Found a gate to the Vaults.
 31705 | D:14     | Got a pair of dazzling boots
 31711 | D:14     | Identified the cursed +0 pair of boots "Hamarr" {MP+9} (You
                  | found it on level 14 of the Dungeon)
 31778 | D:15     | Entered Level 15 of the Dungeon
 32243 | D:15     | Got a translucent platinum ring
 32417 | D:15     | Found a staircase to the Depths.
 32436 | D:15     | Received a gift from Okawaru
 32463 | D:15     | Reached XP level 16. HP: 147/147 MP: 15/15
 33007 | Shoals:1 | Entered Level 1 of the Shoals
 33100 | Shoals:1 | Reached skill level 21 in Long Blades
 33267 | Shoals:1 | Identified the ring of Amelioration {rElec MR+ Dex+4 Slay+5
                  | Stlth-} (You found it on level 15 of the Dungeon)
 33274 | Shoals:1 | Identified 2 scrolls of acquirement
 33288 | Shoals:1 | Got the ring of Lod Bysk {rElec Str+6}
 33989 | Shoals:2 | Noticed Ilsuiw
 34061 | Shoals:1 | Killed Ilsuiw
 34371 | Shoals:1 | Reached skill level 15 in Armour
 34616 | Shoals:1 | Received a gift from Okawaru
 34616 | Shoals:1 | Reached skill level 15 in Shields
 34617 | Shoals:1 | Got a masterwork tower shield {god gift}
 34628 | Shoals:1 | Identified the +7 tower shield "Ruyfi" {Regen+} (Okawaru
                  | gifted it to you on level 1 of the Shoals)
 34829 | Shoals:2 | Found Ejaism's Armour Shoppe.
 34842 | Shoals:2 | Found Tidipucw's Weapon Boutique.
 34853 | Shoals:2 | Found Jit Dorch's Antique Weapon Shop.
 34873 | Shoals:2 | HP: 4/147 [merfolk javelineer/silver javelin (4)]
 35394 | Shoals:2 | Found Zorietow's Book Shoppe.
 35407 | Shoals:2 | Bought a book of Air for 595 gold pieces
 35410 | Shoals:2 | Learned a level 2 spell: Swiftness
 35422 | Shoals:2 | Found a large runed translucent door.
 35422 | Shoals:2 | Found a large runed translucent door.
 35423 | Shoals:2 | Noticed Eddaez Biosh's ghost (journeyman HOFi)
 35435 | Shoals:2 | Bought the cursed +0 pair of gloves of the Eternal Fruit
                  | {rElec rC++ MR- Dex+4} for 558 gold pieces
 35861 | Shoals:2 | Found Yher's Book Shoppe.
 35890 | Shoals:2 | Reached skill level 15 in Fighting
 35939 | Shoals:2 | Bought a glowing scimitar for 224 gold pieces
 36266 | Shoals:3 | Found Bumpem's Food Emporium.
 36565 | Shoals:4 | Entered Level 4 of the Shoals
 36671 | Shoals:4 | Received a gift from Okawaru
 36901 | Shoals:4 | Noticed a kraken
 37066 | Shoals:4 | Reached skill level 22 in Long Blades
 37326 | Shoals:3 | Reached XP level 17. HP: 147/156 MP: 16/16
 37558 | Shoals:4 | Received a gift from Okawaru
 38037 | Shoals:4 | Got a barnacled rune of Zot
 38763 | Shoals:4 | Found the +4 Cigotuvi's embrace {rRot *Drain rN+}
 38807 | Shoals:4 | Received a gift from Okawaru
 39023 | Shoals:4 | Killed a kraken
 39291 | Spider:1 | Entered Level 1 of the Spider Nest
 39671 | Spider:1 | Noticed Nikola
 39713 | Spider:1 | Killed Nikola
 39768 | Spider:1 | Received a gift from Okawaru
 40670 | Spider:2 | Reached skill level 23 in Long Blades
 41027 | Spider:2 | Received a gift from Okawaru
 41409 | Spider:2 | Received a gift from Okawaru
 41743 | Spider:2 | Reached XP level 18. HP: 168/168 MP: 17/17
 43049 | Spider:4 | Entered Level 4 of the Spider Nest
 43064 | Spider:4 | Noticed Kirke
 43146 | Spider:4 | Killed Kirke
 43571 | Spider:4 | Noticed Arachne
 43594 | Spider:4 | Killed Arachne
 43594 | Spider:4 | Received a gift from Okawaru
 44148 | Spider:4 | Noticed Aizul
 44175 | Spider:4 | Killed Aizul
 44594 | Spider:4 | Received a gift from Okawaru
 44805 | Spider:4 | Reached skill level 24 in Long Blades
 44874 | Spider:4 | Identified the +8 falchion of Okawaru's Castigation {pain,
                  | *Slow rPois rC+ SInv} (Okawaru gifted it to you on level 4
                  | of the Spider Nest)
 44896 | Spider:4 | Got a gossamer rune of Zot
 45695 | Depths:1 | Entered Level 1 of the Depths
 45876 | D:15     | Received a gift from Okawaru
 45879 | D:15     | Got a translucent scimitar {god gift}
 45888 | D:15     | Identified the +4 scimitar of the Badger {drain, +Blink}
                  | (Okawaru gifted it to you on level 15 of the Dungeon)
 46208 | D:15     | Reached XP level 19. HP: 86/177 MP: 18/18
 46436 | Depths:1 | Identified the +2 scale mail of the Lute {+Blink rElec
                  | rPois Int-4} (You found it on level 1 of the Depths)
 46461 | Depths:1 | Paralysed by a vampire knight for 7 turns
 46608 | Depths:1 | Paralysed by a vampire knight for 3 turns
 46783 | D:15     | Received a gift from Okawaru
 46786 | D:15     | Got a spiked buckler {god gift}
 46787 | D:15     | Identified the +0 buckler of Instinct {rF+} (Okawaru gifted
                  | it to you on level 15 of the Dungeon)
 46948 | Depths:1 | Found a one-way gate leading to the halls of Pandemonium.
 47008 | Depths:1 | Found Ritzum's Changing Room.
 47317 | Depths:1 | Found the +12 Vampire's Tooth {vamp}
 47425 | Depths:1 | Found a gateway to Hell.
 48048 | Depths:1 | Found a runed translucent gate.
 48048 | Depths:1 | Found a runed translucent gate.
 48048 | Depths:1 | Found a runed translucent gate.
 48048 | Depths:1 | Noticed McIrco's ghost (adept MiFi)
 48368 | Depths:1 | Killed McIrco's ghost
 48671 | Depths:2 | Received a gift from Okawaru
 48674 | Depths:2 | Got a scorched cloak {god gift}
 48685 | Depths:2 | Identified the -2 cloak "Otuerph" {Str+2} (Okawaru gifted
                  | it to you on level 2 of the Depths)
 48805 | Depths:2 | Reached skill level 25 in Long Blades
 48936 | Depths:2 | Found a runed translucent door.
 48936 | Depths:2 | Noticed triki's ghost (adept CeAM)
 49081 | Depths:2 | Found a gateway to a ziggurat.
 49384 | Depths:2 | Noticed a caustic shrike
 49392 | Depths:2 | Noticed a juggernaut
 49404 | Depths:2 | Killed a caustic shrike
 49992 | Depths:1 | Killed a juggernaut
 49992 | Depths:1 | Received a gift from Okawaru
 49992 | Depths:1 | Reached XP level 20. HP: 180/189 MP: 19/19
 50064 | Depths:2 | Paralysed by a floating eye for 4 turns
 50067 | Depths:2 | Mangled by an ettin

Illustrated notes

Levels and vault maps discovered:
D:1:      dpeg_arrival_leaves_temple_mockup, layout_loops_ring
D:2:      layout_loops_cross, gammafunk_temple_overflow_elements,
          minmay_box_of_dots
D:3:      layout_loops_ring, gammafunk_temple_overflow_claw, first_ration,
          corner_web_ring, uniq_jessica
D:4:      layout_rooms, nemelex_altar_shiori, uniq_ijyb, uniq_blork_the_orc
D:5:      layout_loops_ring, yredelemnul_forgotten_temple_becter,
          minmay_temple_entry_mist, portal_sewer_entry_b, uniq_pikel
D:6:      layout_loops_corners
D:7:      layout_basic
D:8:      layout_basic, hangedman_pestilent_swarm, uniq_maurice
D:9:      layout_basic, xom_butterflies, orc_0_dummy, minmay_misc_feat_plants,
          elyvilon_altar_5
D:10:     layout_basic, lemuel_centaur_altar
D:11:     cheibrodos_shockbox, layout_basic, david_lair_shrubbed,
          wad_floor_pattern_1
D:12:     layout_loops_ring, maelrawn_ghost_gauntlet_escape, kennysheep_diamond
D:13:     layout_gridville, fungi_pond_lemuel, minmay_more_statues, uniq_jorgrun
D:14:     layout_rooms, skrybe_vaults_entry_preservation, serial_curves,
          eino_curves_04, eino_curves_03, serial_bayou_pond_e, serial_shops,
          shop, serial_bayou_ford_a
D:15:     gammafunk_depths_entry_grave, layout_rooms, serial_park_square1
          [serial_park_minivault_5x5_7], lightli_fourway_metalbox
Temple:   eino_narrow_crystal_temple
Lair:1:   layout_gridlike, serial_bayou_shore_b
Lair:2:   layout_gridlike, shoals_dummy_entry, grunt_megastairs_5,
          serial_bayou_shore_b
Lair:3:   layout_small_grid
Lair:4:   layout_loops_ring, spider_nest_entry_funnel_web, minivault_25
Lair:5:   layout_regular_city, slime_dummy
Lair:6:   cheibrodos_lair_end_hotspot, layout_regular_city,
          ebering_ghost_inner_flame, kennysheep_snail_temple
Shoals:1: layout_shoals
Shoals:2: layout_shoals, serial_shops, shop, shop, nicolae_shop_trees, shop,
          shop, ebering_ghost_disaster_area, uniq_ilsuiw
Shoals:3: layout_shoals, serial_shops, shop_fountains
Shoals:4: shoals_end_grunt_ice, layout_shoals, nicolae_shoals_this_corrosion
Spider:1: layout_spider_delve, portal_ice_cave_entry_ice_statue_one,
          minivault_29, uniq_nikola
Spider:2: layout_chambers, drop_trap, nicolae_crawler_farm,
          nicolae_spider_cling_halls
Spider:3: layout_spider_delve
Spider:4: spider_rune_water, uniq_arachne, uniq_aizul, uniq_kirke
Orc:1:    cheibrodos_orc_arena, layout_caves, mines2_lemuel, uniq_josephine,
          uniq_harold
Orc:2:    grunt_orc_community_town_hall, layout_diamond_mine,
          grunt_orc_community_big_house_2, grunt_orc_community_big_house_2,
          grunt_orc_community_house_3, grunt_orc_community_house_2,
          grunt_orc_community_house_1, grunt_orc_community_house_3,
          grunt_orc_community_house_3, grunt_orc_community_house_3,
          uniq_saint_roka
Depths:1: minmay_the_grid_triangle_9x9_rhombus_full
          [minmay_the_grid_triangle_9x9_odd_lines,
          minmay_the_grid_triangle_9x9_dagger,
          minmay_the_grid_triangle_9x9_checkered,
          minmay_the_grid_triangle_9x9_zippers_vertical,
          minmay_the_grid_triangle_9x9_pentomino_pain,
          minmay_the_grid_triangle_9x9_impossible_snake,
          minmay_the_grid_triangle_9x9_negative_grid,
          minmay_the_grid_triangle_9x9_prize_schism], layout_cave_pools,
          hellmouth_1, gammafunk_ghost_necromancy, rand_demon_pan_entry_1,
          abyss_entry, nicolae_water_bricks, nicolae_transmutations_shop,
          st_stairs_8, serial_bayou_lagoon_a, chequers_serial_rivers_small_b,
          minmay_guarded_unrand_vampires_tooth
Depths:2: hangedman_arch_fort, layout_cave_shapes, enter_ziggurat_c,
          hangedman_tar_grid_catacomb, ebering_ghost_reflecting_pool

Skill      XL: |  1  2  3  4  5  6  7  8  9 10 11 12 13 14 15 16 17 18 19 |
---------------+----------------------------------------------------------+-----
Shields        | 4 5 6 7 8 10 11 12 13 14 15 16 17 18 | 18.6
Armour         | 4 5 7 8 9 10 11 12 13 14 15 16 17 18 | 18.6
Fighting       | 4 5 6 7 9 10 12 13 14 15 16 17 18 | 18.4
Long Blades    | 3 5 7 8 10 12 14 15 16 18 19 20 22 23 24 25 | 25.4
Dodging        | 1 2 3 4 5 6 |  6.2
Stealth        | 1 |  1.4
Evocations     | |  0.7

Action                   |  1- 3 |  4- 6 |  7- 9 | 10-12 | 13-15 | 16-18 | 19-21 || total
-------------------------+-------+-------+-------+-------+-------+-------+-------++-------
Melee: Long sword        |   102 |    49 |   347 |       |       |       |       ||   498
       Headbutt          |    15 |     7 |    72 |   121 |   375 |   543 |   239 ||  1372
       Scimitar          |       |       |    47 |   554 |  1368 |  1698 |   566 ||  4233
       Double sword      |       |       |       |       |       |    61 |       ||    61
       Unarmed           |       |       |       |       |       |     9 |       ||     9
Invok: Heroism           |       |       |       |     1 |     5 |       |       ||     6
Evoke: Wand              |       |       |       |    20 |     8 |     2 |       ||    30
  Use: Potion            |       |     2 |     5 |       |     9 |     5 |     4 ||    25
       Scroll            |       |     2 |    11 |    12 |    12 |    18 |     5 ||    60
 Stab: Invisible         |       |       |       |       |     5 |       |       ||     5
       Held in net/web   |       |       |       |       |       |     3 |       ||     3
  Eat: Chunk             |     3 |       |    15 |    24 |    38 |    33 |    10 ||   123
       Ration            |       |       |     2 |     2 |     4 |     4 |     1 ||    13
Armor: Scale mail        |    36 |    17 |    82 |    86 |    63 |       |       ||   284
       Chain mail        |       |       |       |       |   164 |       |       ||   164
       Plate armour      |       |       |       |       |   139 |   583 |   133 ||   855
Dodge: Dodged            |    24 |     9 |   119 |   239 |   483 |   627 |    94 ||  1595
Block: Kite shield       |    54 |    36 |   158 |   252 |   708 |   144 |       ||  1352
       Tower shield      |       |       |       |       |       |  2177 |   639 ||  2816
       Reflection        |       |       |       |       |       |    17 |       ||    17
       Rpst.: Long sword |     4 |     5 |    33 |       |       |       |       ||    42
       Scimitar          |       |       |     3 |    36 |   125 |    75 |     7 ||   246
       Double sword      |       |       |       |       |       |     5 |       ||     5
